 Dungeon Crawl Stone Soup version 0.17.1-3-g152610e (webtiles) character file.

324 Kaname the Slasher (level 6, -2/48 HPs)
             Began as a Demigod Skald on Mar 10, 2016.
             Slain by a centaur
             ... wielding a +0 rapier
              (5 damage)
             ... on level 4 of the Dungeon.
             The game lasted 00:19:03 (4423 turns).

Kaname the Slasher (Demigod Skald)                  Turns: 4423, Time: 00:19:03

Health: -2/48      AC:  5    Str: 15    XL:     6   Next: 2%
Magic:  10/11      EV: 16    Int: 20    God:
Gold:   77         SH:  0    Dex: 20    Spells: 3 memorised, 2 levels left

rFire  . . .     SeeInvis .     a - +0 falchion
rCold  . . .     Clarity  .     b - +0 leather armour
rNeg   . . .     SustAt   +     (no shield)
rPois  .         Gourm    .     (no helmet)
rElec  .         Spirit   .     u - +0 cloak
rCorr  .         Warding  .     (no gloves)
rMut   .         Stasis   .     q - +0 pair of boots
MR     .....                    (no amulet)
Stlth  +++.......               (no ring)
                                (no ring)

@: agile, infused, very slightly contaminated, hasted, very quick, not resistant
to hostile enchantments, fairly stealthy
A: high mp 1, sustain attributes
a: no special abilities


You were on level 4 of the Dungeon.
You were not hungry.

You visited 1 branch of the dungeon, and saw 4 of its levels.

You collected 257 gold pieces.
You spent 180 gold pieces at shops.

Inventory:

Hand Weapons
 a - a +0 falchion (weapon)
 e - a +0 hunting sling of evasion
Missiles
 h - 81 stones (quivered)
 j - 44 sling bullets
Armour
 b - a +0 leather armour (worn)
 q - a +0 pair of boots (worn)
 u - a +0 cloak (worn)
Wands
 w - a wand of flame (21)
Scrolls
 f - 2 scrolls of teleportation
 i - 2 scrolls of fear
 k - a scroll of enchant weapon {unknown}
 l - a scroll of remove curse
 m - a scroll of amnesia {unknown}
 o - 3 scrolls of magic mapping {unknown}
 p - 2 scrolls of fog
 r - 2 scrolls of immolation {unknown}
 v - a scroll of enchant armour {unknown}
 x - a scroll of noise {unknown}
Books
 c - a book of Battle

   Spells                             Type                      Level
   a - Infusion                       Charms                       1
   b - Shroud of Golubria             Charms/Translocation         2
   c - Song of Slaying                Charms                       2
   d - Spectral Weapon                Hexes/Charms                 3
   e - Regeneration                   Charms/Necromancy            3
Comestibles
 d - 5 bread rations
 z - 2 chunks of flesh


   Skills:
 - Level 1.7 Fighting
 * Level 5.0 Long Blades
 - Level 0.8 Armour
 - Level 0.8 Dodging
 - Level 1.7 Spellcasting
 + Level 4.2 Charms


You had 2 spell levels left.
You knew the following spells:

 Your Spells              Type           Power        Failure   Level  Hunger
a - Infusion              Chrm           ###...       3%          1    #......
b - Song of Slaying       Chrm           ###.....     6%          2    ###....
c - Regeneration          Chrm/Necr      ##........   24%         3    ###....


Dungeon Overview and Level Annotations

Branches:
Dungeon (4/15)             Temple (0/1) D:4

Shops:
D:4 !

Annotations:
D:4 Crazy Yiuf


Innate Abilities, Weirdness & Mutations

You have an increased reservoir of magic (+10% MP).
Your attributes are resistant to harm.


Message History

* * * LOW HITPOINT WARNING * * *
The centaur hits you with an uncursed rapier.
* * * LOW HITPOINT WARNING * * *
Drink which item? (? for menu, Esc to quit)
You feel better. The centaur skeleton barely misses you.
The centaur barely misses you. The centaur skeleton misses you.
Drink which item? (? for menu, Esc to quit)
You feel yourself speed up. The centaur completely misses you.
The centaur skeleton hits you.
* * * LOW HITPOINT WARNING * * *
You are very lightly contaminated with residual magic.
Drink which item? (? for menu, Esc to quit)
You feel agile all of a sudden.
The centaur hits you with an uncursed rapier!
* * * LOW HITPOINT WARNING * * *
The centaur skeleton hits you but does no damage.
You hit the centaur!
The centaur is almost dead.
The centaur hits you with an uncursed rapier.
You die...

#.##.....##.####
#.#..#####...÷.#
#..........###.#
##..###########.## ...##
#...# ....## ###.#†##
##...## ##.....(#
#.#..#####..PPPP(#
#.##[......PPPc@.#
##.########.PP_PPZ##
#..# #..PP.h...
..##########..PPP.....
.........##....Z........
.#######.##.(...........
.# #..#(.c.......... ##
##............###
##########(....>....


You could see a centaur, a jackal and a centaur skeleton.

Vanquished Creatures
  2 scorpions
  A worker ant (D:4)
  An iguana (D:4)
  An orc wizard (D:4)
  5 adders
  3 gnolls (D:4)
  An ooze (D:3)
  A worm (D:3)
  4 orcs (D:4)
  A ball python (D:2)
  5 bats
  4 giant cockroaches
  7 goblins
  4 hobgoblins
  13 jackals
  A quokka (D:4)
  3 giant geckos
  4 giant newts
  A jackal skeleton (D:4)
  11 kobolds
  2 quokka skeletons (D:4)
  2 rats (D:1)
77 creatures vanquished.

Vanquished Creatures (others)
  A bush (D:4)
1 creature vanquished.

Grand Total: 78 creatures vanquished

Notes
Turn   | Place    | Note
--------------------------------------------------------------
     0 | D:1      | Kaname the Demigod Skald began the quest for the Orb.
     0 | D:1      | Reached XP level 1. HP: 17/17 MP: 5/5
   313 | D:1      | Reached XP level 2. HP: 18/24 MP: 7/7
   490 | D:1      | You fall through a shaft!
   536 | D:2      | Reached skill level 3 in Charms
   540 | D:2      | Learned a level 2 spell: Song of Slaying
   790 | D:2      | Reached XP level 3. HP: 24/29 MP: 8/8
  2101 | D:3      | Reached XP level 4. HP: 32/36 MP: 9/9
  2106 | D:3      | Learned a level 3 spell: Regeneration
  2250 | D:3      | Reached skill level 4 in Long Blades
  2597 | D:4      | Found Ruddaheo's Distillery.
  2615 | D:4      | Bought a potion of curing for 36 gold pieces
  2615 | D:4      | Bought a potion of heal wounds for 60 gold pieces
  2615 | D:4      | Bought a potion of curing for 36 gold pieces
  2615 | D:4      | Bought a potion of degeneration for 12 gold pieces
  2615 | D:4      | Bought a potion of curing for 36 gold pieces
  2631 | D:4      | Found a staircase to the Ecumenical Temple.
  2766 | D:4      | Reached XP level 5. HP: 14/41 MP: 3/10
  3121 | D:4      | Found a blossoming altar of Fedhas.
  3159 | D:4      | Noticed a centaur
  3441 | D:4      | HP: 1/41 [worker ant (7)]
  3702 | D:4      | Noticed Crazy Yiuf
  3707 | D:4      | Paralysed by Crazy Yiuf for 6 turns
  3712 | D:4      | HP: 1/41 [Crazy Yiuf/quarterstaff of chaos (4)]
  4054 | D:4      | Reached skill level 5 in Long Blades
  4054 | D:4      | Reached XP level 6. HP: 17/48 MP: 4/11
  4258 | D:4      | Found a bloodstained altar of Trog.
  4422 | D:4      | HP: 2/48 [centaur/uncursed rapier (7)]
  4423 | D:4      | Slain by a centaur

Action                   |  1- 3 |  4- 6 || total
-------------------------+-------+-------++-------
Melee: Falchion          |   153 |   151 ||   304
 Fire: Hunting sling     |    16 |     3 ||    19
 Cast: Infusion          |     2 |     6 ||     8
       Regeneration      |       |     6 ||     6
       Song of Slaying   |       |     1 ||     1
  Use: Scroll            |     5 |     1 ||     6
       Potion            |       |     9 ||     9
  Eat: Chunk             |     4 |     6 ||    10
       Bread ration      |       |     1 ||     1
